 Dungeon Crawl Stone Soup version 0.25.1-9-gc5326a611f (webtiles) character file.

Game seed: 10192947588707349301

46 Clowwww the Firebug (level 3, 0/19 HPs)
             Began as a Deep Elf Fire Elementalist on Dec 30, 2020.
             Slain by an adder (5 damage)
             ... on level 2 of the Dungeon.
             The game lasted 00:05:08 (1620 turns).

Clowwww the Firebug (Deep Elf Fire Elementalist)    Turns: 1620, Time: 00:05:08

Health: 0/19       AC:  0    Str:  5    XL:     3   Next: 46%
Magic:  2/10       EV: 13    Int: 20    God:
Gold:   33         SH:  0    Dex: 15    Spells: 2/9 levels left

rFire    . . .     SeeInvis .   (no weapon)
rCold    . . .     Gourm    .   (no shield)
rNeg     . . .     Faith    .   a - +0 robe
rPois    .         Spirit   .   (no helmet)
rElec    .         Reflect  .   (no cloak)
rCorr    .         Harm     .   f - +0 pair of gloves
MR       .....                  d - +0 pair of boots
Stlth    ++........             (no amulet)
HPRegen  0.06/turn              h - -4 ring of protection (curse)
MPRegen  0.12/turn              (no ring)

@: very slightly contaminated
A: no striking features
a: no special abilities


You were on level 2 of the Dungeon.
You were not hungry.

You visited 1 branch of the dungeon, and saw 2 of its levels.

You collected 33 gold pieces.

Inventory:

Armour
 a - a +0 robe (worn)
 d - a +0 pair of boots (worn)
 f - a +0 pair of gloves (worn)
Jewellery
 h - a cursed -4 ring of protection (left hand)
Scrolls
 b - a scroll of amnesia {unknown}
Comestibles
 c - 5 rations
 g - a chunk of flesh


   Skills:
 + Level 2.8 Dodging
 + Level 2.7 Stealth
 + Level 3.7 Spellcasting
 + Level 1.2 Conjurations
 + Level 4.1 Fire Magic


You had 2 spell levels left.
You knew the following spells:

 Your Spells              Type           Power        Failure   Level  Hunger
a - Foxfire               Conj/Fire      ##..         4%          1    None
b - Conjure Flame         Conj/Fire      ##......     13%         3    ###....
c - Inner Flame           Hex/Fire       ##......     17%         3    ###....

Your spell library contained the following spells:

 Spells                   Type           Power        Failure   Level  Hunger
 Sticky Flame             Conj/Fire      ##......     38%         4    ####...
 Fireball                 Conj/Fire      ##........   75%         5    ######.


Dungeon Overview and Level Annotations

Branches:
Dungeon (2/15)

Altars:
Uskayaw


Message History

You see here a bat skeleton.
Casting: Conjure Flame (extremely dangerous; 13% risk of failure)
Confirm with . or Enter, or press ? or * to list all spells.
The spell is extremely dangerous to cast (13% risk of failure)!
Continue anyway? [Y]es or [N]o only, please.
The spell is extremely dangerous to cast (13% risk of failure)!
Continue anyway?
You miscast Conjure Flame.
Nothing appears to happen.
The adder bites you. The adder misses you.
Casting: Conjure Flame (extremely dangerous; 13% risk of failure)
Confirm with . or Enter, or press ? or * to list all spells.
The spell is extremely dangerous to cast (13% risk of failure)!
Continue anyway? [Y]es or [N]o only, please.
The spell is extremely dangerous to cast (13% risk of failure)!
Continue anyway?
The fire begins to smolder!
The adder barely misses you.
The adder smothers the flame.
The adder bites you. The adder bites you.
* * * LOW HITPOINT WARNING * * *
The adder bites you.
You die...

#..(...#
#......# #.
#.†....# ##.
###..##..#
..#.........#
...#....##.#
..#.##. #÷#
####.#. # #S#
...... #@# #
#.#.######.# ..
#..........#
###.#...########
........##
###......#
#....#.#
##.#.##.##
.....##..#


You could see an adder.

Vanquished Creatures
  An adder (D:2)
  An ooze (D:1)
  A worm (D:2)
  A dart slug (D:1)
  7 bats
  A giant cockroach (D:1)
  2 goblins
  5 hobgoblins
  A kobold (D:1)
  A ball python (D:1)
  5 frilled lizards
  5 rats
31 creatures vanquished.

Vanquished Creatures (others)
  61 foxfires
61 creatures vanquished.

Grand Total: 92 creatures vanquished

Notes
Turn   | Place    | Note
-------+----------+-------------------------------------------
     0 | D:1      | Clowwww the Deep Elf Fire Elementalist began the quest for
                  | the Orb.
     0 | D:1      | Reached XP level 1. HP: 10/10 MP: 6/6
   192 | D:1      | Reached XP level 2. HP: 15/15 MP: 5/8
   772 | D:1      | Reached skill level 4 in Fire Magic
  1236 | D:2      | Reached XP level 3. HP: 19/19 MP: 8/10
  1363 | D:2      | Found a hide-covered altar of Uskayaw.
  1471 | D:2      | Learned a level 3 spell: Conjure Flame
  1475 | D:2      | Learned a level 3 spell: Inner Flame
  1620 | D:2      | Slain by an adder

Illustrated notes

Levels and vault maps discovered:
D:1:      giann_wishing_wells, layout_loops_corners, hangedman_decor_lopped
D:2:      layout_basic, old_standard_altar, marbit_many_paths,
          minmay_octomino_j4

Skill      XL: |  1  2 |
---------------+-------+-----
Fire Magic     | 4 |  4.1
Dodging        | |  2.8
Stealth        | |  2.7
Spellcasting   | |  3.7
Conjurations   | |  1.2

Action                   || total
-------------------------++-------
Melee: Unarmed           ||     1
Throw: Javelin           ||    10
 Cast: Foxfire           ||    45
       Conjure Flame     ||     1
  Use: Scroll            ||     1
  Eat: Chunk             ||     2
Armor: Robe              ||     3
Dodge: Dodged            ||    27
